[Event "Titled Tuesday Blitz December 27 Late 2022"]
[White "Corredor Castellanos, Camilo"]
[Black "Bambino Filho, Antonio Carlos"]
[WhiteFideId "4425871"]
[BlackFideId "2113163"]
[WhiteElo "1957"]
[BlackElo "2144"]
[Result "0-1"]
[Round "02"]
[TimeControl "180+2"]
[Date "2022.12.27"]
[WhiteClock "0:02:04"]
[BlackClock "0:01:05"]

1. e4 c5 2. Nf3 d6 3. d4 cxd4 4. Nxd4 Nf6 5. Nc3 a6 6. h4 e5 7. Nf5 d5 8. Bg5 Bb4 9. Nxg7+ Kf8 10. Nh5 d4 11. Bxf6 Qa5 12. a3 Bxc3+ 13. bxc3 Qxc3+ 14. Qd2 Qxa1+ 15. Qd1 Qxd1+ 16. Kxd1 Bg4+ 17. Be2 Bxe2+ 18. Kxe2 Rg8 19. Bxe5 Nc6 20. Bd6+ Ne7 21. Nf6 Rg6 22. e5 Rd8 23. Nd5 Rgxd6 24. Nxe7 Re6 25. f4 Kxe7 26. Rb1 Rd7 27. Kd3 Rc6 28. Rb3 Rc3+ 29. Rxc3 dxc3+ 30. Kxc3 h5 31. g3 Ke6 32. Kc4 Rc7+ 33. Kd4 Kf5 34. Kd5 Rd7+ 35. Kc5 Rd2 36. c4 Rd3 37. a4 Rxg3 38. a5 Rb3 39. Kd6 Kxf4 40. c5 0-1


[Site "https://www.chess.com"]

[Event "Titled Tuesday Blitz December 27 Late 2022"]
[White "Cruz, William Ferreira Da"]
[Black "Kovacevic, Radmila"]
[WhiteFideId "2118050"]
[BlackFideId "933171"]
[WhiteElo "2216"]
[BlackElo "2106"]
[Result "1-0"]
[Round "02"]
[TimeControl "180+2"]
[Date "2022.12.27"]
[WhiteClock "0:00:20"]
[BlackClock "0:00:11"]

1. d4 e5 2. dxe5 Nc6 3. Nf3 Qe7 4. e3 Nxe5 5. Be2 Nf6 6. O-O d5 7. Nbd2 Ng6 8. b3 Be6 9. Bb2 O-O-O 10. Qc1 h5 11. c4 h4 12. cxd5 Bxd5 13. h3 Kb8 14. Re1 Qc5 15. Bf1 Be7 16. e4 Be6 17. a3 Qh5 18. Nc4 Nf4 19. Qxf4 Rd3 20. Bxd3 Nd7 21. Nce5 Nc5 22. Bc4 g5 23. Qe3 g4 24. Bxe6 Nxe6 25. Nxg4 Rg8 26. Rac1 b6 27. Bf6 Bxa3 28. Ra1 Bb4 29. Rec1 a5 30. Bxh4 Bc5 31. Rxc5 Nxc5 32. Nf6 Rxg2+ 33. Kxg2 Qg6+ 34. Ng4 Nxe4 35. Ne5 Qh7 36. Qh6 Qf5 37. Qf8+ Kb7 38. Qxf7 Qh5 39. Qxh5 Nd6 40. Qh7 Nb5 41. Rc1 Ka6 42. Bd8 a4 43. Bxc7 Nd4 44. Bxb6 Nxb3 45. Qa7+ Kb5 46. Rc5+ Kb4 47. Nd3+ Ka3 48. Rc4 Nc5 49. Rxa4+ Nxa4 50. Nc5 Kb2 51. Nxa4+ Kb1 52. h4 Kc2 53. h5 Kd3 54. h6 Ke2 55. h7 Kd3 56. h8=Q 1-0


[Site "https://www.chess.com"]

[Event "Titled Tuesday Blitz December 27 Late 2022"]
[White "Curtis, John"]
[Black "Solon, Nathan"]
[WhiteFideId "3200256"]
[BlackFideId "2017229"]
[WhiteElo "2292"]
[BlackElo "2306"]
[Result "0-1"]
[Round "02"]
[TimeControl "180+2"]
[Date "2022.12.27"]
[WhiteClock "0:00:04"]
[BlackClock "0:01:17"]

1. e4 c5 2. Nf3 e6 3. d4 cxd4 4. Nxd4 Nf6 5. Nc3 Nc6 6. Nxc6 bxc6 7. Bd3 d5 8. O-O Bd6 9. Qe2 Qc7 10. exd5 Nxd5 11. Nxd5 cxd5 12. Bb5+ Bd7 13. Bxd7+ Qxd7 14. c4 d4 15. Qe4 O-O 16. f4 Rac8 17. b3 d3 18. Be3 Bb4 19. Rad1 Rfd8 20. Bd2 Bc5+ 21. Be3 Bb4 22. Bd2 Bf8 23. h3 f5 24. Qe1 Qd4+ 25. Kh1 Rc6 26. Rf3 Bc5 27. Bc3 Qe4 28. Qf1 Rcd6 0-1


[Site "https://www.chess.com"]

[Event "Titled Tuesday Blitz December 27 Late 2022"]
[White "Deac, Bogdan-Daniel"]
[Black "Msellek, Ilyass"]
[WhiteFideId "1226380"]
[BlackFideId "675938"]
[WhiteElo "2700"]
[BlackElo "2420"]
[Result "1-0"]
[Round "02"]
[TimeControl "180+2"]
[Date "2022.12.27"]
[WhiteClock "0:00:18"]
[BlackClock "0:00:03"]

1. b3 e5 2. Bb2 Nc6 3. Nf3 d6 4. c4 f5 5. e3 Nf6 6. d3 Be7 7. g3 O-O 8. Bg2 a5 9. Nc3 Qe8 10. O-O Qh5 11. Nd2 Qh6 12. Nd5 Nxd5 13. Bxd5+ Kh8 14. a3 Be6 15. f4 exf4 16. gxf4 Bxd5 17. cxd5 Nb8 18. Rc1 Na6 19. Nf3 Bf6 20. Bd4 Rae8 21. Qd2 Qh5 22. Rce1 Nb8 23. Qxa5 c5 24. Bxf6 Rxf6 25. Kh1 Rg6 26. Qd2 Nd7 27. Ng5 Nf6 28. e4 fxe4 29. dxe4 Ng4 30. Qe2 h6 31. Rg1 Rxg5 32. fxg5 Rxe4 33. Qg2 Nxh2 34. Qxe4 Ng4+ 35. Kg2 Qh2+ 36. Kf3 Ne5+ 37. Ke3 Qh3+ 38. Ke2 Qxb3 39. gxh6 Qb2+ 40. Kf1 Qb5+ 41. Kg2 gxh6 42. Ref1 Qd7 43. Rf8+ Kg7 44. Qf5 1-0


[Site "https://www.chess.com"]

[Event "Titled Tuesday Blitz December 27 Late 2022"]
[White "Defend, Balint"]
[Black "Kravtsiv, Martyn"]
[WhiteFideId "17004853"]
[BlackFideId "14113147"]
[WhiteElo "1673"]
[BlackElo "2598"]
[Result "0-1"]
[Round "02"]
[TimeControl "180+2"]
[Date "2022.12.27"]
[WhiteClock "0:00:27"]
[BlackClock "0:00:06"]

1. e4 e5 2. Nf3 Nc6 3. Bc4 Nf6 4. d4 exd4 5. e5 d5 6. Bb5 Ne4 7. Nxd4 Bd7 8. Bxc6 bxc6 9. O-O Bc5 10. f3 Ng5 11. Be3 Bb6 12. f4 Ne4 13. Nd2 Nxd2 14. Qxd2 c5 15. Nf3 d4 16. Bf2 Bc6 17. c4 Qd7 18. e6 fxe6 19. Ne5 Qd6 20. a4 a5 21. Bg3 O-O 22. b3 Bb7 23. Rae1 Rf5 24. Nd3 Re8 25. Re5 Qc6 26. Rfe1 h6 27. Qe2 Kh7 28. Qd2 Qd7 29. Qe2 Qc6 30. Qd2 Rf6 31. Qe2 Ref8 32. Qc2 Kh8 33. R5e2 Qe8 34. Re5 Qc6 35. R5e2 Ba8 36. Ne5 Qe8 37. Bh4 Rf5 38. Bg3 Bb7 39. Qd2 Bc8 40. Nd3 Qh5 41. Re5 Kg8 42. Rxf5 Rxf5 43. Ne5 Qe8 44. Qd3 Bb7 45. Qe2 Rf6 46. Nd3 Qc6 47. Qd2 Qd7 48. Re5 Rf5 49. Re2 Bc8 50. Qe1 Qf7 51. Ne5 Qh5 52. Nc6 Qe8 53. Ne5 Kh8 54. Qb1 c6 55. Nf3 Qf7 56. Re5 Bc7 57. Rxf5 Qxf5 58. Qxf5 exf5 59. Ne1 Bd6 60. Kf2 Be6 61. Nd3 Kg8 62. Kf3 Bf7 63. Kf2 Bh5 64. Ke1 Kf7 65. Kd2 Ke6 66. Kc2 g5 67. fxg5 hxg5 68. Be1 f4 69. Bxa5 g4 70. Be1 Bg6 71. Kd2 Be4 72. g3 f3 73. Bf2 Kd7 74. a5 Kc8 75. b4 cxb4 76. c5 Bf8 77. Bxd4 Bh6+ 78. Kc2 b3+ 79. Kc3 Bxd3 80. Kxd3 Bc1 81. a6 Kb8 82. Bc3 b2 83. Bxb2 Bxb2 84. Ke3 Bd4+ 85. Kd3 f2 86. Ke2 Bxc5 0-1


[Site "https://www.chess.com"]

[Event "Titled Tuesday Blitz December 27 Late 2022"]
[White "Desideri, Ricardo Maruchi"]
[Black "Arencibia Monduy, Antonio"]
[WhiteFideId "2110440"]
[BlackFideId "3507939"]
[WhiteElo "1959"]
[BlackElo "2122"]
[Result "0-1"]
[Round "02"]
[TimeControl "180+2"]
[Date "2022.12.27"]
[WhiteClock "0:00:06"]
[BlackClock "0:00:30"]

1. e4 e6 2. d4 c5 3. Nf3 cxd4 4. Nxd4 Nc6 5. Nc3 Qc7 6. Be3 a6 7. Qd2 b5 8. a3 Bb7 9. f4 Nf6 10. Be2 Nxd4 11. Qxd4 Rc8 12. g4 d5 13. e5 Ne4 14. Nxe4 dxe4 15. Rd1 Bd5 16. Rd2 Be7 17. O-O O-O 18. b3 Qb7 19. c4 Bc5 20. Qxc5 Rxc5 21. Bxc5 Rc8 22. Be3 bxc4 23. bxc4 Bc6 24. Rfd1 h6 25. f5 Qe7 26. c5 a5 27. f6 gxf6 28. Bxh6 Qxc5+ 29. Kf1 Qxe5 30. Rd8+ Rxd8 31. Rxd8+ Kh7 32. Be3 Bb5 33. Bxb5 Qxb5+ 34. Kf2 Qb2+ 35. Kg3 Qxa3 0-1


[Site "https://www.chess.com"]

[Event "Titled Tuesday Blitz December 27 Late 2022"]
[White "Doluhanova, Evgeniya"]
[Black "Taboas Rodriguez, Daniel"]
[WhiteFideId "14112035"]
[BlackFideId "2208466"]
[WhiteElo "2275"]
[BlackElo "2371"]
[Result "0-1"]
[Round "02"]
[TimeControl "180+2"]
[Date "2022.12.27"]
[WhiteClock "0:00:50"]
[BlackClock "0:00:57"]

1. e4 e5 2. Nf3 Nc6 3. Nc3 Nf6 4. d4 exd4 5. Nxd4 Bb4 6. Nxc6 bxc6 7. Bd3 d5 8. exd5 O-O 9. O-O cxd5 10. h3 h6 11. Qf3 Re8 12. Bf4 c6 13. Rad1 a5 14. Ne2 Ba6 15. Nd4 Bxd3 16. Rxd3 Qd7 17. Rfd1 Re4 18. c3 Bf8 19. Be3 a4 20. Bxh6 Rb8 21. Bg5 Nh7 22. Bc1 Rbe8 23. Re3 Ng5 24. Qg3 Rxe3 25. Bxe3 Ne4 26. Qg4 Qxg4 27. hxg4 c5 28. Nf5 Rd8 29. a3 g6 30. Nh4 Bg7 31. Bxc5 Nxc5 32. Nf3 Ne6 33. Nd4 Nxd4 34. cxd4 Rb8 35. Rd2 Rc8 36. Rd3 Rc4 37. b3 axb3 38. Rxb3 Rxd4 39. f3 Ra4 40. Rd3 d4 41. Kf2 Bf8 0-1


[Site "https://www.chess.com"]

[Event "Titled Tuesday Blitz December 27 Late 2022"]
[White "Domingo Nunez, Ruben"]
[Black "Osinenko, Anton"]
[WhiteFideId "22245570"]
[BlackFideId "4158970"]
[WhiteElo "2416"]
[BlackElo "2203"]
[Result "1-0"]
[Round "02"]
[TimeControl "180+2"]
[Date "2022.12.27"]
[WhiteClock "0:00:35"]
[BlackClock "0:00:07"]

1. Nf3 g6 2. e4 Bg7 3. g3 c5 4. Bg2 e6 5. O-O Nc6 6. c3 Nge7 7. d4 cxd4 8. cxd4 d5 9. e5 O-O 10. Nc3 a6 11. Bg5 h6 12. Bf4 b5 13. Rc1 Qb6 14. h4 Nf5 15. Ne2 Bb7 16. Qd2 Kh7 17. g4 Nfe7 18. Ng3 Qa5 19. Qd3 Rac8 20. a3 b4 21. h5 Qb5 22. Qe3 bxa3 23. bxa3 Na5 24. Rb1 Qd7 25. Rfd1 Nc4 26. Qd3 Bc6 27. g5 Bb5 28. a4 Bxa4 29. gxh6 Bxh6 30. Bxh6 Kxh6 31. Rdc1 Rg8 32. Rxc4 Rxc4 33. Qe3+ g5 34. Nh2 Qc7 35. Ng4+ Kg7 36. Qxg5+ Kf8 37. Qh6+ Rg7 38. Nf6 Ng8 39. Nh7+ Ke8 40. Qxg7 Rc1+ 41. Rxc1 Qxc1+ 42. Kh2 Ne7 43. Qf8+ Kd7 44. Nf6+ Kc6 45. Qxe7 Qg5 46. Qd7+ Kb6 47. Qxa4 Qh4+ 48. Kg1 a5 49. Nd7+ Kc7 50. Nc5 Qg5 51. Qd7+ Kb8 52. Qb7# 1-0


[Site "https://www.chess.com"]

[Event "Titled Tuesday Blitz December 27 Late 2022"]
[White "Dylag, Emilia"]
[Black "Senthil, Maran K"]
[WhiteFideId "21805172"]
[BlackFideId "25035681"]
[WhiteElo "2095"]
[BlackElo "2209"]
[Result "0-1"]
[Round "02"]
[TimeControl "180+2"]
[Date "2022.12.27"]
[WhiteClock "0:00:06"]
[BlackClock "0:00:06"]

1. d4 Nf6 2. c4 e6 3. g3 d5 4. Bg2 dxc4 5. Nf3 Nbd7 6. O-O a6 7. Qc2 Be7 8. Rd1 O-O 9. Qxc4 b5 10. Qc2 Bb7 11. Ne5 Bxg2 12. Kxg2 c5 13. dxc5 Qc7 14. Nxd7 Nxd7 15. b4 a5 16. Qd3 Nf6 17. Bf4 Qc6+ 18. f3 axb4 19. Bd6 Rfd8 20. e4 e5 21. a3 Bxd6 22. cxd6 Ra6 23. Kf2 Rxd6 24. Qxd6 Qxd6 25. Rxd6 Rxd6 26. axb4 h5 27. Nc3 Rd4 28. Rb1 Rd2+ 29. Ke3 Rxh2 30. Nxb5 Rg2 31. Nd6 Rxg3 32. b5 Nd7 33. b6 Rg6 34. Nc8 Kh7 35. b7 h4 36. b8=Q Nxb8 37. Rxb8 Rc6 38. Ne7 Rc3+ 39. Kf2 Rc2+ 40. Kg1 Kh6 41. Nf5+ Kg5 42. Nxg7 Kf4 43. Nf5 h3 44. Rh8 Kxf3 45. Rxh3+ Kxe4 46. Nd6+ Kd5 47. Nxf7 e4 48. Kf1 Ra2 49. Ke1 Ke6 50. Ng5+ Kf5 51. Nf7 Kf4 52. Nd6 e3 53. Nc4 Ra1+ 54. Ke2 Ra2+ 55. Kd3 e2 56. Rh1 Kf3 57. Nd2+ Kf2 58. Rh2+ Ke1 59. Rxe2+ Kd1 60. Nb3 Rxe2 61. Nc1 Rd2+ 62. Ke3 Kxc1 63. Kf3 Kc2 64. Ke3 Kc3 65. Kf3 Rd5 66. Kg3 Kd4 67. Kf4 Re5 68. Kf3 Rf5+ 0-1


[Site "https://www.chess.com"]

[Event "Titled Tuesday Blitz December 27 Late 2022"]
[White "Estrada Nieto, Julian"]
[Black "Vaibhav Jayant Raut"]
[WhiteFideId "5101018"]
[BlackFideId "5089034"]
[WhiteElo "2215"]
[BlackElo "2237"]
[Result "1/2-1/2"]
[Round "02"]
[TimeControl "180+2"]
[Date "2022.12.27"]
[WhiteClock "0:01:34"]
[BlackClock "0:01:18"]

1. e4 c5 2. Nf3 e6 3. c3 Nf6 4. e5 Nd5 5. g3 Nc6 6. Bg2 d6 7. exd6 Bxd6 8. d4 cxd4 9. Nxd4 O-O 10. O-O Bd7 11. Nxc6 Bxc6 12. Nd2 Qc7 13. Ne4 Be7 14. Qe2 Rad8 15. Bg5 a6 16. Rfd1 h6 17. Bxe7 Nxe7 18. Rxd8 Rxd8 19. Rd1 Bd5 20. c4 Bc6 21. Rxd8+ Qxd8 22. Qd2 Qc8 23. b3 Nf5 24. Nd6 Qd8 25. Bxc6 Qxd6 26. Qxd6 Nxd6 27. Bf3 b6 28. Kf1 Kf8 29. Ke2 Ke7 30. Kd3 e5 31. Bd5 f5 32. b4 Ne8 1/2-1/2


[Site "https://www.chess.com"]

[Event "Titled Tuesday Blitz December 27 Late 2022"]
[White "Fernandez Guillen, Ernesto J."]
[Black "Federzoni, Enzo"]
[WhiteFideId "3512428"]
[BlackFideId "2173301"]
[WhiteElo "2477"]
[BlackElo "2133"]
[Result "1-0"]
[Round "02"]
[TimeControl "180+2"]
[Date "2022.12.27"]
[WhiteClock "0:00:51"]
[BlackClock "0:00:01"]

1. e4 c5 2. Nf3 d6 3. d4 cxd4 4. Nxd4 Nf6 5. Nc3 a6 6. Bc4 e6 7. Bb3 Nc6 8. Be3 Be7 9. Rg1 Nxd4 10. Bxd4 b5 11. f3 Bb7 12. g4 O-O 13. g5 Nd7 14. Qd2 Rc8 15. h4 Ne5 16. Qf2 b4 17. Ne2 a5 18. O-O-O Qc7 19. Kb1 Bc6 20. f4 a4 21. Bd5 Bxd5 22. exd5 Qxc2+ 23. Ka1 Nd7 24. Qe3 e5 25. fxe5 dxe5 26. Bxe5 Nxe5 27. Qxe5 a3 28. d6 Bxd6 29. Rxd6 Rfe8 30. Qd4 Rxe2 31. Rd8+ Re8 32. Rxe8+ Rxe8 33. Qxb4 axb2+ 34. Qxb2 Qc4 35. h5 Qc5 36. Rh1 Qd5 37. Rg1 Qc5 38. Rh1 Qxg5 39. h6 gxh6 40. Qd4 Qe5 41. Qxe5 Rxe5 42. Kb2 h5 43. a4 Kg7 44. Kc3 Kg6 45. Kb4 Kg5 46. a5 Kg4 47. Rg1+ Kh3 48. a6 1-0


[Site "https://www.chess.com"]

[Event "Titled Tuesday Blitz December 27 Late 2022"]
[White "Fernandez, Maria Florencia"]
[Black "Rangel, Daniel"]
[WhiteFideId "116459"]
[BlackFideId "2124475"]
[WhiteElo "2129"]
[BlackElo "2207"]
[Result "1-0"]
[Round "02"]
[TimeControl "180+2"]
[Date "2022.12.27"]
[WhiteClock "0:00:10"]
[BlackClock "0:00:06"]

1. d4 Nf6 2. c4 g6 3. Nc3 Bg7 4. e4 O-O 5. Be2 c6 6. Be3 d5 7. cxd5 cxd5 8. e5 Ne4 9. Nf3 Nc6 10. O-O Nxc3 11. bxc3 b6 12. Qd2 Na5 13. Bh6 Bg4 14. Bxg7 Kxg7 15. Qf4 Bxf3 16. Bxf3 Rc8 17. Rac1 e6 18. h4 h5 19. Be2 Qe7 20. Rfd1 Rc7 21. Rd3 Rh8 22. Rg3 Nc4 23. Bd3 Nb2 24. Bb1 Na4 25. c4 dxc4 26. d5 Rc5 27. d6 Qd8 28. Rf3 Rf8 29. Rg3 Rh8 30. Qe4 c3 31. Qxa4 Rxe5 32. Qd4 f6 33. Bxg6 Kf8 34. Rcxc3 Rd5 35. Qb4 Rxd6 36. Rcd3 Ke7 37. Be4 Rh7 38. Bxh7 f5 39. Rxd6 Kf6 40. Rxd8 1-0


[Site "https://www.chess.com"]

[Event "Titled Tuesday Blitz December 27 Late 2022"]
[White "Fiorito, Joaquin"]
[Black "Kobo, Ori"]
[WhiteFideId "180173"]
[BlackFideId "2812320"]
[WhiteElo "2405"]
[BlackElo "2559"]
[Result "0-1"]
[Round "02"]
[TimeControl "180+2"]
[Date "2022.12.27"]
[WhiteClock "0:00:11"]
[BlackClock "0:00:07"]

1. d4 Nf6 2. Nc3 d5 3. Bf4 c5 4. e4 Nxe4 5. Bb5+ Nc6 6. Nxe4 dxe4 7. Ne2 Bd7 8. dxc5 Qa5+ 9. Nc3 e5 10. Bxc6 Bxc6 11. Bxe5 Qxc5 12. Bf4 Be7 13. O-O O-O 14. Qe2 Rfe8 15. Rfd1 Bf6 16. Be3 Qb4 17. Rab1 Rad8 18. a3 Qa5 19. Qc4 a6 20. Rxd8 Qxd8 21. Rd1 Qe7 22. Bc5 Qe6 23. Qxe6 Rxe6 24. Bd4 Be7 25. Be3 f5 26. Nd5 Bf8 27. g3 Kf7 28. c4 h6 29. h4 Rd6 30. Bc5 Rd8 31. Bxf8 Kxf8 32. Kf1 g5 33. hxg5 hxg5 34. Ne3 Rxd1+ 35. Nxd1 f4 36. gxf4 gxf4 37. Nc3 Kf7 38. b4 Ke6 39. b5 axb5 40. cxb5 Bd5 41. Ke1 Ke5 42. Kd2 Bc4 43. a4 Kd4 44. Nd1 Bb3 45. a5 Kc5 46. Nc3 Bc4 47. a6 bxa6 48. bxa6 Bxa6 49. Nxe4+ Kd4 50. Ng5 Ke5 51. Nf3+ Kf5 52. Nd4+ Kg4 53. Ke1 Bd3 54. Nc6 Be4 55. Ne5+ Kf5 56. Nc4 Bd5 57. Nd2 Ke5 58. Ke2 Be6 59. Nf3+ Kf6 60. Nd4 Bd5 61. f3 Ke5 62. Kf2 Kxd4 63. Ke1 Ke3 64. Kf1 Kxf3 65. Kg1 Kg3 66. Kf1 Bg2+ 67. Kg1 Bh3 68. Kh1 f3 69. Kg1 f2+ 0-1


[Site "https://www.chess.com"]

[Event "Titled Tuesday Blitz December 27 Late 2022"]
[White "Fishbein, Alexander"]
[Black "Araujo, Everson De Moura"]
[WhiteFideId "2000377"]
[BlackFideId "22737197"]
[WhiteElo "2366"]
[BlackElo "1944"]
[Result "1-0"]
[Round "02"]
[TimeControl "180+2"]
[Date "2022.12.27"]
[WhiteClock "0:01:09"]
[BlackClock "0:00:03"]

1. e4 e6 2. d4 d5 3. Nc3 Nf6 4. Bg5 Be7 5. e5 Nfd7 6. h4 c5 7. Bxe7 Qxe7 8. Nb5 Na6 9. Nd6+ Kf8 10. Bxa6 bxa6 11. Nf3 Rb8 12. b3 f6 13. Qd2 cxd4 14. Qxd4 fxe5 15. Nxc8 exd4 16. Nxe7 Kxe7 17. Nxd4 Rbc8 18. O-O-O Rhf8 19. Rhe1 e5 20. Rd2 Kd6 21. Nf3 Rc3 22. Kb2 Rfc8 23. Ng5 Ke7 24. f4 h6 25. Nf3 e4 26. Rxd5 Rxc2+ 27. Ka3 Rxg2 28. Rxe4+ Kd8 29. Ne5 Rc7 30. Red4 1-0


[Site "https://www.chess.com"]

[Event "Titled Tuesday Blitz December 27 Late 2022"]
[White "Fisher_TheGalactic"]
[Black "Finkelstein, Alan"]
[BlackFideId "30950961"]
[WhiteElo "2477"]
[BlackElo "2152"]
[Result "1-0"]
[Round "02"]
[TimeControl "180+2"]
[Date "2022.12.27"]
[WhiteClock "0:01:46"]
[BlackClock "0:00:02"]

1. Nf3 d5 2. g3 Nf6 3. Bg2 g6 4. O-O Bg7 5. d3 O-O 6. Nbd2 Nc6 7. e4 e5 8. exd5 Nxd5 9. Nc4 f6 10. c3 Be6 11. Ne3 Qd7 12. Qe2 Rad8 13. Rd1 Rfe8 14. Nxd5 Bxd5 15. Be3 Qf7 16. b4 a6 17. a4 Be6 18. b5 Ne7 19. c4 Nf5 20. Nd2 axb5 21. axb5 b6 22. Ra7 Nd4 23. Bxd4 Rxd4 24. Rda1 Red8 25. Ra8 Qe8 26. Rxd8 Qxd8 27. Ra8 Bc8 28. Bd5+ Kf8 29. Nb3 Rxd5 30. cxd5 Ke7 31. Nd4 Kd7 32. Qg4+ f5 33. Nxf5 gxf5 34. Qxf5+ Kd6 35. Rxc8 Qe7 36. Qe6+ Qxe6 37. dxe6 Bf6 38. Kg2 1-0


[Site "https://www.chess.com"]

[Event "Titled Tuesday Blitz December 27 Late 2022"]
[White "Floresvillar Gonzalez, Luis Migu"]
[Black "Garcia Cuenca, Victor"]
[WhiteFideId "5100542"]
[BlackFideId "2250829"]
[WhiteElo "2043"]
[BlackElo "2324"]
[Result "0-1"]
[Round "02"]
[TimeControl "180+2"]
[Date "2022.12.27"]
[WhiteClock "0:00:02"]
[BlackClock "0:00:04"]

1. d4 Nf6 2. c3 e6 3. Bg5 d5 4. Nd2 c5 5. e3 b6 6. Bb5+ Bd7 7. Bd3 Nc6 8. f4 h6 9. Bh4 g5 10. fxg5 Nh7 11. Ngf3 hxg5 12. Bxh7 gxh4 13. Bd3 f5 14. Qe2 c4 15. Bc2 Bd6 16. O-O-O b5 17. Nf1 b4 18. g3 hxg3 19. Nxg3 Qa5 20. Kd2 bxc3+ 21. bxc3 Rb8 22. Rb1 Ke7 23. a4 f4 24. Nf1 Rxb1 25. Bxb1 Qxa4 26. exf4 Rb8 27. Bc2 Bxf4+ 28. Ne3 Rb2 29. Rc1 Be8 30. Ne5 Nxe5 31. dxe5 d4 32. cxd4 Qb4+ 33. Kd1 Qc3 0-1


[Site "https://www.chess.com"]

[Event "Titled Tuesday Blitz December 27 Late 2022"]
[White "Foisor, Sabina-Francesca"]
[Black "Poliakova, Varvara"]
[WhiteFideId "1212915"]
[BlackFideId "13518313"]
[WhiteElo "2185"]
[BlackElo "2010"]
[Result "1-0"]
[Round "02"]
[TimeControl "180+2"]
[Date "2022.12.27"]
[WhiteClock "0:00:14"]
[BlackClock "0:00:56"]

1. d4 f5 2. g3 d6 3. Bg2 Nf6 4. c4 g6 5. Nh3 Bg7 6. O-O O-O 7. Nc3 e5 8. dxe5 dxe5 9. Bg5 c6 10. Qxd8 Rxd8 11. e4 h6 12. Rad1 Nbd7 13. Bxf6 Bxf6 14. f4 Nb6 15. Rxd8+ Bxd8 16. c5 Nc4 17. b3 Ne3 18. Re1 Nxg2 19. Kxg2 exf4 20. Nxf4 g5 21. Nd3 Bf6 22. e5 Be7 23. e6 b6 24. b4 Ba6 25. Ne5 Rd8 26. Nxc6 Bb7 27. b5 Bxc5 28. e7 Re8 29. Nd5 Kf7 30. Kf1 a6 31. a4 axb5 32. axb5 Bd6 33. Nd8+ Kg6 34. Nxb7 Bb8 35. Re6+ Kf7 36. Rxb6 f4 37. Rf6+ Kg7 38. gxf4 gxf4 39. Nd6 Bxd6 40. Rxd6 1-0


[Site "https://www.chess.com"]

[Event "Titled Tuesday Blitz December 27 Late 2022"]
[White "Goltseva, Ekaterina"]
[Black "Alekseenko, Kirill"]
[WhiteFideId "24173770"]
[BlackFideId "4135539"]
[WhiteElo "2283"]
[BlackElo "2686"]
[Result "0-1"]
[Round "02"]
[TimeControl "180+2"]
[Date "2022.12.27"]
[WhiteClock "0:00:07"]
[BlackClock "0:00:13"]

1. d4 d5 2. c4 dxc4 3. Nf3 a6 4. e3 Bg4 5. Bxc4 e6 6. h3 Bh5 7. Nc3 Nc6 8. O-O Nf6 9. b3 Bd6 10. Be2 O-O 11. Bb2 Qe8 12. Na4 Rd8 13. Qc1 Nb4 14. Nc5 Qc6 15. a3 Bxc5 16. axb4 Bxb4 17. Qxc6 bxc6 18. Rxa6 c5 19. dxc5 Bxc5 20. Bxf6 gxf6 21. Ra5 Bxf3 22. Bxf3 Bb6 23. Ra2 Rd3 24. Rb1 Rfd8 25. Rc2 f5 26. Be2 R3d6 27. g3 Kg7 28. Kg2 Kf6 29. Bc4 Rd2 30. Rbb2 Rd1 31. Re2 R1d6 32. Rbc2 Ba5 33. Ra2 Bb4 34. Ra4 c5 35. Ra7 Rd1 36. Kf3 Rc1 37. e4 fxe4+ 38. Rxe4 Rd4 39. Re2 Rd6 40. Kg2 Bc3 41. Raa2 Rdd1 42. Rac2 Rg1+ 43. Kf3 Bd4 44. Rxc1 Rxc1 45. h4 Ke7 46. Ra2 f5 47. Kg2 e5 48. Re2 e4 49. g4 Kf6 50. gxf5 Kxf5 51. Bd5 e3 52. fxe3 Be5 53. e4+ Kg4 54. Rf2 Bd4 55. Be6+ Kxh4 56. Rf4+ Kg5 57. Rf5+ Kg6 58. Bd5 Bf6 59. Kf3 h5 60. Kg2 h4 61. Rf3 Be5 62. Rf1 Rc2+ 63. Rf2 Rc3 64. Rf3 Rc2+ 65. Kh3 Bf6 66. Rf5 Rc3+ 67. Kg4 Rg3+ 68. Kf4 Bg5+ 69. Ke5 h3 70. Ke6 h2 71. e5 Rg1 72. Rf8 Bh6 73. Rg8+ Bg7 74. Rc8 Re1 75. Rxc5 Rxe5+ 76. Kd6 Rxd5+ 77. Rxd5 h1=Q 78. b4 Qh2+ 79. Kc6 Qb8 80. b5 Kf7 81. Rd7+ Kf6 82. Rd6+ Ke5 83. Rd5+ Ke6 84. b6 Qc8+ 85. Kb5 Kxd5 86. b7 Qxb7+ 87. Ka5 Bc3+ 88. Ka4 Qb4# 0-1


[Site "https://www.chess.com"]

[Event "Titled Tuesday Blitz December 27 Late 2022"]
[White "Gorodetzky, David"]
[Black "Moral Garcia, Serafin"]
[WhiteFideId "2813416"]
[BlackFideId "2201925"]
[WhiteElo "2485"]
[BlackElo "2238"]
[Result "1-0"]
[Round "02"]
[TimeControl "180+2"]
[Date "2022.12.27"]
[WhiteClock "0:00:07"]
[BlackClock "0:00:04"]

1. Nf3 Nf6 2. g3 g6 3. b3 Bg7 4. Bb2 c5 5. c4 O-O 6. Bg2 Nc6 7. d4 Ne4 8. O-O d6 9. e3 Bg4 10. h3 Bxf3 11. Bxf3 Ng5 12. Bxc6 bxc6 13. Kg2 Qd7 14. Qg4 Qxg4 15. hxg4 Ne6 16. Rd1 cxd4 17. exd4 c5 18. Nc3 Nxd4 19. Rd2 f5 20. Re1 e5 21. Nb5 Rfd8 22. Bxd4 cxd4 23. gxf5 gxf5 24. f3 a6 25. Nc7 Ra7 26. Nd5 a5 27. Rh1 Re8 28. Rh5 Rf8 29. Re2 a4 30. b4 a3 31. b5 Ra4 32. Ne7+ Kf7 33. Nxf5 Kg6 34. g4 Rxc4 35. Nxd6 Rc3 36. Rf2 d3 37. Ne4 Rc2 38. Rh1 Rfc8 39. Rd1 Rxf2+ 40. Kxf2 Rb8 41. Rb1 Bh6 42. b6 Kf7 43. b7 Ke7 44. Nc5 d2 45. Ke2 e4 46. fxe4 Bf4 47. Nd3 Bc7 48. Kxd2 Rg8 49. Ke3 Bb8 50. Rh1 Rxg4 51. Rxh7+ Kd6 52. Rh8 Kc7 53. Nc5 Rg3+ 54. Kd4 Rg2 55. Rh7+ Kb6 56. Rh8 Ka7 57. Rh3 Rxa2 58. Rd3 Ra1 59. e5 Re1 60. Rxa3+ Kb6 61. Nd7+ Kxb7 62. Rb3+ Kc7 63. Nxb8 Rd1+ 64. Ke4 Kd8 65. Nc6+ Ke8 66. Nd4 Re1+ 67. Kd5 Rf1 68. Rb8+ Ke7 69. Rb7+ Ke8 70. e6 Kd8 71. Kd6 Rf7 72. Rb8# 1-0


[Site "https://www.chess.com"]

[Event "Titled Tuesday Blitz December 27 Late 2022"]
[White "Graif, William"]
[Black "Atakishiyev, Elmar"]
[WhiteFideId "2609835"]
[BlackFideId "13410547"]
[WhiteElo "2304"]
[BlackElo "2363"]
[Result "0-1"]
[Round "02"]
[TimeControl "180+2"]
[Date "2022.12.27"]
[WhiteClock "0:00:07"]
[BlackClock "0:00:33"]

1. e4 d6 2. Nc3 e5 3. Nf3 c6 4. d4 Nd7 5. a4 Qc7 6. Bc4 h6 7. O-O Ngf6 8. Re1 Be7 9. Ba2 g5 10. dxe5 dxe5 11. Be3 a5 12. Qd2 Nf8 13. Rad1 Be6 14. Bxe6 Nxe6 15. Nd5 cxd5 16. exd5 Rd8 17. d6 Rxd6 18. Qe2 Rxd1 19. Rxd1 O-O 20. Bd2 Bd6 21. h4 g4 22. Bxh6 gxf3 23. Qxf3 Qe7 24. Qf5 Rd8 25. Rd3 e4 26. Rb3 Ng7 27. Qg5 Ne8 28. Qg4 f5 29. Qg6 Be5 30. Rb5 Rd1# 0-1


[Site "https://www.chess.com"]

[Event "Titled Tuesday Blitz December 27 Late 2022"]
[White "Grekh, Andrey"]
[Black "Jimenez Fernandez, Rebeca"]
[WhiteFideId "14112418"]
[BlackFideId "32070934"]
[WhiteElo "2393"]
[BlackElo "2069"]
[Result "1-0"]
[Round "02"]
[TimeControl "180+2"]
[Date "2022.12.27"]
[WhiteClock "0:00:17"]
[BlackClock "0:00:11"]

1. e4 c5 2. Nc3 Nc6 3. Bb5 Nd4 4. Nf3 g6 5. O-O Bg7 6. Nxd4 cxd4 7. Ne2 e6 8. d3 a6 9. Bc4 b5 10. Bb3 Ne7 11. f4 Bb7 12. a4 d5 13. e5 Nf5 14. g4 Ne3 15. Bxe3 dxe3 16. d4 Qh4 17. Ng3 b4 18. Qe2 O-O 19. Rad1 a5 20. Qxe3 Qxg4 21. Rde1 h5 22. Kh1 Bh6 23. c3 Ba6 24. Rf2 Rab8 25. Bd1 Qh4 26. Rg1 bxc3 27. bxc3 Rb1 28. Qf3 Kh7 29. Bc2 Rxg1+ 30. Kxg1 Kg7 31. Rg2 Rb8 32. Nxh5+ Kh7 33. Nf6+ Kg7 34. Qg3 Qxf4 35. Nh5+ 1-0


[Site "https://www.chess.com"]